 Dungeon Crawl Stone Soup version 0.31-a0-841-g038b102fc3 (webtiles) character file.

Game seed: 11487832346396172376

1379 Dirtsage the Cleaver (level 8, -1/58 HPs)
             Began as a Demonspawn Berserker on Sept 28, 2023.
             Was a Priest of Trog.
             Splashed by a jelly's acid (2 damage)
             ... on level 5 of the Dungeon.
             The game lasted 00:06:57 (5364 turns).

Dirtsage the Cleaver (Demonspawn Berserker)         Turns: 5364, Time: 00:06:58

Health: -1/58      AC: -5    Str: 19    XL:     8   Next: 39%
Magic:  8/8        EV: 13    Int:  8    God:    Trog [***...]
Gold:   339        SH:  5    Dex: 14    Spells: 7/7 levels left

rFire   . . .        a - +0 hand axe
rCold   . . .        (no shield)
rNeg    . . .        t - +0 chain mail
rPois   .            (no helmet)
rElec   .            (no cloak)
rCorr   .            (no gloves)
SInv    .            (no boots)
Will    .....        u - amulet of reflection Stlth
                     z - +5 ring of evasion
HPRegen 0.29/turn    (no ring)
MPRegen 0.11/turn

%: reflection
@: corroded
A: thin metallic scales 1, demonic guardian 2, ignite blood 1
a: Renounce Religion, Berserk, Trog's Hand


You were on level 5 of the Dungeon.
You worshipped Trog.
Trog was most pleased with you.
You visited 1 branch of the dungeon, and saw 5 of its levels.

You collected 339 gold pieces.

Inventory:

Hand Weapons
 a - a +0 hand axe (weapon)
 y - a +2 flail of protection
Armour
 b - a +0 animal skin
 t - a +0 chain mail (worn)
 w - a +0 helmet
Jewellery
 u - an amulet of reflection (around neck)
 z - a +5 ring of evasion (left hand)
Wands
 s - a wand of polymorph (12)
 A - a wand of light (6)
 F - a wand of iceblast (7)
Scrolls
 d - 2 scrolls of silence {unknown}
 e - 2 scrolls of fog {unknown}
 j - 2 scrolls of noise {unknown}
 k - a scroll of blinking {unknown}
 l - 3 scrolls of teleportation {unknown}
 o - 2 scrolls of immolation {unknown}
 p - a scroll of enchant armour {unknown}
 q - a scroll of summoning {unknown}
 r - 2 scrolls of vulnerability {unknown}
 B - a scroll of fear {unknown}
 D - a scroll of revelation {unknown}
 E - a scroll of acquirement {unknown}
 G - a scroll of identify {unknown}
Potions
 c - a potion of magic {unknown}
 f - 2 potions of berserk rage {unknown}
 g - 5 potions of curing {unknown}
 h - a potion of degeneration {unknown}
 i - 3 potions of heal wounds {unknown}
 m - 2 potions of brilliance {unknown}
 n - 2 potions of haste {unknown}
 v - a potion of might {unknown}
 x - a potion of cancellation {unknown}
 C - a potion of attraction {unknown}
 H - a potion of mutation {unknown}


   Skills:
 - Level 3.0 Fighting
 + Level 9.9 Axes
 - Level 1.7 Armour
 - Level 1.7 Dodging


You had 7 spell levels left.
You didn't know any spells.
Your spell library contained the following spells:

 Spells                   Type           Power      Damage    Failure   Level
 Magic Dart               Conj           0%         1d3       98%         1
 Call Imp                 Summ           0%         N/A       99%         2
 Mephitic Cloud           Conj/Pois/Air  0%         N/A       100%        3


Dungeon Overview and Level Annotations

Branches:
Dungeon (5/15)
 Temple: D:4-7

Altars:
Cheibriados
Fedhas
Uskayaw
Wu Jian

Shops:
D:2 (


Innate Abilities, Weirdness & Mutations

You are partially covered in thin metallic scales. (AC +2)
A demonic guardian rushes to your aid.
Your demonic aura sometimes causes spilled blood to erupt in flames.


Message History

You hit the jelly. The acid corrodes you!
Your hands burn!
The jelly is lightly wounded.
You take 2 damage, and have 46/58 hp.
You hit the jelly. The acid corrodes you!
Your hands burn!
The jelly is lightly wounded.
You block the jelly's attack.
You take 4 damage, and have 42/58 hp.
You slash the jelly! The acid corrodes you!
Your hands burn!
The jelly is heavily wounded.
The jelly hits you.
You are splashed with acid!
You take 13 damage, and have 29/58 hp.
MASSIVE DAMAGE!!
You are too injured to fight recklessly!
You are too injured to fight recklessly!
You are too injured to fight recklessly!
You hit the jelly but do no damage.
Your hands burn!
The jelly is heavily wounded.
You block the jelly's attack.
You take 2 damage, and have 27/58 hp.
You hit the jelly.
Your hands burn!
The jelly is almost dead.
The jelly hits you.
You are splashed with acid.
You take 9 damage, and have 18/58 hp.
You barely miss the jelly.
The jelly is almost dead.
You hit the jelly but do no damage.
Your hands burn!
* * * LOW HITPOINT WARNING * * *
The jelly is almost dead.
The jelly barely misses you.
You take 3 damage, and have 15/58 hp.
You hit the jelly.
Your hands burn!
* * * LOW HITPOINT WARNING * * *
A demonic guardian appears!
The jelly is almost dead.
The jelly hits you.
* * * LOW HITPOINT WARNING * * *
The acid corrodes you!
You are splashed with acid!
* * * LOW HITPOINT WARNING * * *
You take 14 damage, and have 1/58 hp.
MASSIVE DAMAGE!!
You hit the jelly but do no damage.
Your hands burn!
You die...

##'## # #.# ##...##
# ##.## ##.....###
##.#.(##
##.......## .
....####.........#
#.......
+.........+ #.#...#
#.........# #.J..#
##.......## #@#
##.....## #4#
##...## #.# ##'##
#.# #.# ##.## #.#
#...#########.#####
#.#.......)....##..
#...#######.>...#.#
##### ##...##..


You could see a jelly (ally target) and a friendly ice devil (summoned).

Vanquished Creatures
  Edmund (D:4)
  A black bear (D:5)
  A centaur (D:5)
  2 phantoms (D:4)
  A bullfrog (D:4)
  A scorpion (D:5)
  2 jellies (D:5)
  A crimson imp (D:4)
  A hound (D:5)
  2 orc priests
  An iron imp (D:5)
  Jessica (D:3)
  Natasha (thrice) (D:2)
  Robin (D:3)
  3 adders
  A white imp (D:4)
  An ufetubus (D:4)
  3 dart slugs (D:1)
  3 worms
  11 orcs
  5 bats
  3 endoplasms
  14 goblins
  9 hobgoblins
  6 kobolds
  5 quokkas
  5 ball pythons
  A frilled lizard (D:1)
  4 rats
93 creatures vanquished.

Vanquished Creatures (collateral kills)
  An unseen horror (D:5)
  A black bear (D:4)
2 creatures vanquished.

Grand Total: 95 creatures vanquished

Notes
Turn   | Place    | Note
-------+----------+-------------------------------------------
     0 | D:1      | Dirtsage the Demonspawn Berserker began the quest for the
                  | Orb.
     0 | D:1      | Reached XP level 1. HP: 18/18 MP: 1/1
    92 | D:1      | Reached skill level 3 in Axes
   199 | D:1      | Gained mutation: You are partially covered in thin metallic
                  | scales. (AC +2) [demonic ancestry]
   199 | D:1      | Reached XP level 2. HP: 21/24 MP: 2/2
  1103 | D:1      | Reached XP level 3. HP: 22/29 MP: 3/3
  1280 | D:2      | Noticed Natasha
  1288 | D:2      | Killed Natasha
  1289 | D:2      | Reached skill level 4 in Axes
  1487 | D:2      | Found Jab Fugh's Antique Weapon Shoppe.
  1714 | D:2      | Noticed Natasha
  1727 | D:2      | Killed Natasha
  1728 | D:2      | Reached XP level 4. HP: 16/35 MP: 4/4
  1938 | D:2      | Reached ** piety under Trog
  1961 | D:2      | Noticed Natasha
  1970 | D:2      | Killed Natasha
  1971 | D:2      | Reached skill level 5 in Axes
  2688 | D:3      | Noticed Robin
  2708 | D:3      | Killed Robin
  2711 | D:3      | Gained mutation: A weak demonic guardian rushes to your
                  | aid. [demonic ancestry]
  2711 | D:3      | Reached XP level 5. HP: 41/41 MP: 5/5
  3313 | D:3      | Noticed Jessica
  3331 | D:3      | Killed Jessica
  3332 | D:3      | Reached skill level 6 in Axes
  3431 | D:4      | Gained mutation: A demonic guardian rushes to your aid.
                  | [demonic ancestry]
  3431 | D:4      | Reached XP level 6. HP: 35/47 MP: 6/6
  3499 | D:4      | Reached skill level 7 in Axes
  3563 | D:4      | Noticed Edmund
  3587 | D:4      | Killed Edmund
  3588 | D:4      | Reached XP level 7. HP: 50/52 MP: 7/7
  4037 | D:4      | Reached skill level 8 in Axes
  4138 | D:5      | Entered Level 5 of the Dungeon
  4156 | D:5      | Reached *** piety under Trog
  4271 | D:5      | Found a hide-covered altar of Uskayaw.
  4410 | D:5      | Killed an unseen horror
  4411 | D:5      | Reached skill level 9 in Axes
  4411 | D:5      | Gained mutation: Your demonic aura sometimes causes spilled
                  | blood to erupt in flames. [demonic ancestry]
  4411 | D:5      | Reached XP level 8. HP: 12/58 MP: 8/8
  4764 | D:5      | Found a blossoming altar of Fedhas.
  4775 | D:5      | Found a snail-covered altar of Cheibriados.
  4814 | D:5      | Found an ornate altar of the Wu Jian Council.
  5363 | D:5      | HP: 1/58 [acid (9)]
  5364 | D:5      | Splashed by a jelly's acid

Illustrated notes

Levels and vault maps discovered:
D:1:      dpeg_arrival_erosion, layout_basic, kennysheep_flooded_box,
          hangedman_decor_opposing, st_stairs_9, reono_crystal_passage,
          minivault_25, minmay_hedge_maze, roderic_lattice_a,
          columned_hall_lemuel, minmay_quantized
D:2:      layout_basic, serial_shops, nicolae_shop_waterfront, uniq_natasha
D:3:      layout_loops_cross, uniq_jessica, uniq_robin
D:4:      layout_cave_pools, minmay_misc_feat_diagonals, minmay_fire_ice_demons,
          uniq_edmund
D:5:      layout_loops_corners, slow_altar_1, mainiacjoe_overflow_catwalk,
          amcnicky_altar_gilded, overflow_temple_1_default, grunt_ministairs_12,
          roderic_roman_lattice, serial_bayou_pond_c

Skill      XL: |  1  2  3  4  5  6  7 |
---------------+----------------------+-----
Axes           | 3 4 5 6 7 9 |  9.9
Fighting       | |  3.0
Armour         | |  1.7
Dodging        | |  1.7

Action                     |  1- 3 |  4- 6 |  7- 9 || total
---------------------------+-------+-------+-------++-------
  Melee: Hand axe          |    96 |   157 |   165 ||   418
         Unarmed           |       |     2 |       ||     2
         Punch             |       |     1 |     1 ||     2
 Invoke: Berserk           |     2 |     4 |       ||     6
   Stab: Sleeping          |     1 |     1 |       ||     2
 Armour: Animal skin       |    66 |     6 |       ||    72
         Chain mail        |       |    79 |    88 ||   167
         Skin              |       |     2 |       ||     2
  Dodge: Dodged            |    68 |    64 |    72 ||   204
  Block: Other             |       |    30 |    30 ||    60
         Reflection        |       |     2 |       ||     2

Table legend: (Time is in decaauts)
 A = Elapsed time spent in this place.
 B = Non-inter-level travel time spent in this place.
 C = Inter-level travel time spent in this place.
 D = Time resting spent in this place.
 E = Time spent auto-exploring this place.
 F = Levels seen in this place.
 G = Mean time per level.
                   A        B        C        D        E       F      G
               +--------+--------+--------+--------+--------+-----+--------+
         Total |   5418 |   5265 |    153 |    368 |   4120 |   5 | 1083.6 |
       Dungeon |   5418 |   5265 |    153 |    368 |   4120 |   5 | 1083.6 |
               +--------+--------+--------+--------+--------+-----+--------+

Top non-repeatable levels by time:
     D:2: 1444 daAuts
     D:1: 1273 daAuts
     D:5: 1210 daAuts
     D:4: 757 daAuts
     D:3: 734 daAuts
